 Dungeon Crawl Stone Soup version 0.19-a0-96-gda1d387 (webtiles) character file.

227 AlphabetPasta the Slasher (level 6, 0/37 HPs)
             Began as a Tengu Gladiator on May 16, 2016.
             Slain by an iguana (6 damage)
             ... on level 4 of the Dungeon.
             The game lasted 00:18:37 (3669 turns).

AlphabetPasta the Slasher (Tengu Gladiator)         Turns: 3669, Time: 00:18:37

Health: 0/37       AC: 11    Str: 16    XL:     6   Next: 2%
Magic:  7/7        EV:  8    Int:  8    God:
Gold:   156        SH:  0    Dex: 16    Spells: 0 memorised, 5 levels left

rFire  . . .     SeeInvis .     a - +0 long sword
rCold  . . .     Gourm    .     e - +0 chain mail
rNeg   . . .     Faith    .     (no shield)
rPois  .         Spirit   .     c - +1 hat
rElec  .         Dismiss  .     (no cloak)
rCorr  .         Reflect  .     y - +0 pair of gloves
SustAt .         Harm     .     (boots unavailable)
MR     +....                    (no amulet)
Stlth  ..........               t - ring of stealth
                                h - ring of protection from magic

@: somewhat resistant to hostile enchantments, extremely unstealthy
A: beak, talons 3, able to fly 1
a: Fly


You were on level 4 of the Dungeon.
You were not hungry.

You visited 1 branch of the dungeon, and saw 4 of its levels.

You collected 156 gold pieces.

Inventory:

Hand Weapons
 a - a +0 long sword (weapon)
 b - a +0 blowgun
Missiles
 d - 3 throwing nets
 g - 58 poisoned needles
 q - 8 javelins (quivered)
Armour
 c - a +1 hat (worn)
 e - a +0 chain mail (worn)
 x - a +0 leather armour
 y - a +0 pair of gloves (worn)
 C - a +0 large shield
Jewellery
 h - a ring of protection from magic (left hand)
 t - a ring of stealth (right hand)
Scrolls
 i - a scroll of remove curse
 l - a scroll of recharging
 z - a scroll of enchant weapon {unknown}
Potions
 n - a potion of agility
 p - a potion of flight {unknown}
 r - a potion of brilliance {unknown}
 s - a potion of degeneration {unknown}
 u - a potion of curing {unknown}
 v - 2 potions of might
Comestibles
 f - 3 bread rations
 j - 4 chunks of flesh
 k - 2 slices of pizza
 m - a beef jerky
 o - a fruit
 w - 2 meat rations


   Skills:
 + Level 3.0 Fighting
 + Level 4.2 Long Blades
 + Level 3.1 Throwing
 + Level 2.9 Armour
 + Level 4.1 Dodging
 + Level 0.6 Shields


You had 5 spell levels left.
You didn't know any spells.

Dungeon Overview and Level Annotations

Branches:
Dungeon (4/15)
 Temple: D:4-7

Altars:
Xom

Shops:
D:4 (([


Innate Abilities, Weirdness & Mutations

You have a beak for a mouth.
You have claws for feet.
You can fly.


Message History

You peck the iguana, but do no damage.
The iguana is heavily wounded.
The iguana bites you.
You hit the iguana but do no damage. You claw the iguana, but do no damage.
You peck the iguana.
The iguana is severely wounded.
The iguana barely misses you.
You hit the iguana but do no damage.
The iguana is severely wounded.
The iguana bites you!
* * * LOW HITPOINT WARNING * * *
You are too injured to fight recklessly!
Your chain mail prevents you from hitting the iguana.
You claw the iguana.
The iguana is almost dead.
The iguana barely misses you.
You closely miss the iguana. You claw the iguana, but do no damage.
The iguana is almost dead.
The iguana bites you.
You die...

#.#.##.......#
#...#.
#...###.######
..... ..###
#.##### ..##
..# #.....#
### ..#
#####.#####
..# #.....#
..######
#####.# #
........
###'##.#####
..##...
#...@l......
...#.###
#...........
........#
#...........
...#.#..#
#...........
..## # #
#...........
...#
#...........
#...(.
#...........
#.####
############
#>.


You could see an iguana.

Vanquished Creatures
  An orc priest (D:4)
  2 hound skeletons (D:4)
  A worker ant zombie (D:3)
  6 adders
  An ooze (D:3)
  2 worms (D:2)
  A dart slug (D:3)
  5 giant geckos
  9 orcs
  5 giant cockroaches
  4 goblins
  4 hobgoblins
  17 jackals
  A quokka (D:3)
  8 bats
  2 giant newts (D:2)
  6 kobolds
  5 rats
80 creatures vanquished.

Notes
Turn   | Place    | Note
--------------------------------------------------------------
     0 | D:1      | AlphabetPasta the Tengu Gladiator began the quest for the Orb.
     0 | D:1      | Reached XP level 1. HP: 12/12 MP: 2/2
   290 | D:1      | Reached XP level 2. HP: 3/17 MP: 3/3
  1153 | D:2      | Reached XP level 3. HP: 16/21 MP: 4/4
  1298 | D:2      | Reached skill level 1 in Armour
  1451 | D:2      | Found a shimmering altar of Xom.
  1932 | D:2      | Reached XP level 4. HP: 26/26 MP: 5/5
  2788 | D:3      | Gained mutation: You can fly. [Tengu growth]
  2788 | D:3      | Reached XP level 5. HP: 31/31 MP: 6/6
  3529 | D:4      | Found Itaufeu's Antique Weapon Shop.
  3533 | D:4      | Found Jailyugh's Weapon Emporium.
  3619 | D:4      | Reached XP level 6. HP: 37/37 MP: 7/7
  3640 | D:4      | Found Qeihuyxe's Armour Shoppe.
  3669 | D:4      | Slain by an iguana

Vault maps used:
D:1:      tarquinn_simple_flora_water_c
D:2:      lemuel_round_altar, minmay_crystal_water
D:4:      first_bread, serial_shops, shop, shop, nicolae_shop_stone,
          nicolae_shop_behind_doors

Skill      XL: |  1  2  3  4  5 |
---------------+----------------+-----
Armour         | 1 2 |  2.9
Long Blades    | 4 |  4.2
Dodging        | 4 |  4.1
Throwing       | 3 |  3.1
Fighting       | 3 |  3.0
Shields        | |  0.6

Action                   |  1- 3 |  4- 6 || total
-------------------------+-------+-------++-------
Melee: Long sword        |   108 |   121 ||   229
       Kick              |    31 |    28 ||    59
       Peck              |    13 |    20 ||    33
 Fire: Blowgun           |       |    13 ||    13
  Use: Scroll            |       |     9 ||     9
 Stab: Sleeping          |     1 |       ||     1
  Eat: Chunk             |     3 |     6 ||     9
Armor: Chain mail        |    18 |    52 ||    70
       Leather armour    |    29 |       ||    29
Dodge: Dodged            |    79 |    45 ||   124
